 Dungeon Crawl Stone Soup version 0.19-a0-1780-g452a841 (webtiles) character file.

390 AmbiguousPuzuma the Cleaver (level 6, -3/55 HPs)
             Began as a Deep Dwarf Berserker on Oct 2, 2016.
             Was a Believer of Trog.
             Shot with an arrow by a centaur (12 damage)
             ... on level 6 of the Dungeon.
             The game lasted 00:05:23 (931 turns).

AmbiguousPuzuma the Cleaver (Deep Dwarf Berserker)   Turns: 931, Time: 00:05:24

Health: -3/55      AC:  5    Str: 20    XL:     6   Next: 50%
Magic:  6/6        EV: 11    Int:  8    God:    Trog [**....]
Gold:   69         SH:  0    Dex: 14    Spells: 0 memorised, 5 levels left

rFire  . . .     SeeInvis .     a - +0 hand axe
rCold  . . .     Gourm    .     g - +0 ring mail
rNeg   . . .     Faith    .     (no shield)
rPois  .         Spirit   .     (no helmet)
rElec  .         Dismiss  .     (no cloak)
rCorr  .         Reflect  .     (no gloves)
MR     .....     Harm     .     (no boots)
Stlth  +.........               (no amulet)
                                (no ring)
                                (no ring)

@: exhausted, non-regenerating, slowed, very slow
A: damage resistance, recharge devices, sense surroundings 1, slow regeneration
3
a: Device Recharging, Berserk, Trog's Hand, Burn Spellbooks, Renounce Religion


You were on level 6 of the Dungeon.
You worshipped Trog.
Trog was pleased with you.
You were near starving.

You visited 1 branch of the dungeon, and saw 4 of its levels.
You also visited: Sewer.

You collected 69 gold pieces.

Inventory:

Hand Weapons
 a - a +0 hand axe (weapon)
 q - a +0 blowgun
   (You took it off a kobold in a sewer)
Armour
 b - a +0 animal skin
 g - a +0 ring mail (worn)
   (You found it on level 1 of the Dungeon)
Wands
 c - a wand of heal wounds (2/9)
Scrolls
 f - 2 scrolls of recharging {unknown}
 h - 5 scrolls of remove curse {unknown}
 k - a scroll of enchant weapon {unknown}
 n - 2 scrolls of identify {unknown}
Potions
 e - 6 potions of heal wounds {unknown}
 i - a potion of berserk rage {unknown}
 j - a potion of degeneration {unknown}
 m - 3 potions of agility {unknown}
 o - a potion of magic {unknown}
 p - 3 potions of curing {unknown}
 r - a potion of brilliance {unknown}
 s - a potion of might {unknown}
Comestibles
 d - a bread ration
 l - a fruit


   Skills:
 - Level 2.6 Fighting
 + Level 8.1 Axes
 - Level 2.1 Armour
 - Level 2.1 Dodging


You had 5 spell levels left.
You didn't know any spells.

Dungeon Overview and Level Annotations

Branches:
Dungeon (3/15)

Altars:
Cheibriados
Kikubaaqudgha


Innate Abilities, Weirdness & Mutations

You are resistant to damage.
You can recharge devices by infusing magical energy.
You passively map a small area around you.
You do not regenerate.


Message History

The shaft crumbles and collapses.
Unknown command.
You feel less exhausted.
Found 11 gold pieces.
You open the door.
Found an ancient bone altar of Kikubaaqudgha.
Found a scroll labeled OKKAN ALIROAM and 7 gold pieces.
There is an open door here.
You open the door.
A bullfrog zombie comes into view.
There is an open door here.
Found 9 poisoned needles.
n - 2 scrolls labeled OKKAN ALIROAM (gained 1)
The bullfrog zombie closely misses you.
You're too hungry to go berserk.
You barely miss the bullfrog zombie. The bullfrog zombie hits you.
* * * LOW HITPOINT WARNING * * *
The bullfrog zombie hits you but does no damage.
You take 3 damage, and have 22/55 hp.
You are too injured to fight recklessly!
You slash the bullfrog zombie! The bullfrog zombie hits you.
You barely miss the bullfrog zombie. The bullfrog zombie hits you.
* * * LOW HITPOINT WARNING * * *
You take 1 damage, and have 21/55 hp.
You barely miss the bullfrog zombie.
You are near starving!
The bullfrog zombie barely misses you.
You're too hungry to go berserk.
You hit the bullfrog zombie.
The bullfrog zombie hits you but does no damage.
You barely miss the bullfrog zombie. The bullfrog zombie hits you.
* * * LOW HITPOINT WARNING * * *
You take 3 damage, and have 18/55 hp.
You hit the bullfrog zombie but do no damage.
The bullfrog zombie misses you. The bullfrog zombie hits you.
You completely miss the bullfrog zombie.
The bullfrog zombie completely misses you.
You slash the bullfrog zombie! The bullfrog zombie hits you.
You hit the bullfrog zombie. The bullfrog zombie hits you.
* * * LOW HITPOINT WARNING * * *
You take 2 damage, and have 16/55 hp.
You start eating one of the 2 fruits.
The bullfrog zombie barely misses you.
You are feeling hungry.
That choko was very bland.
The bullfrog zombie misses you.
The bullfrog zombie hits you but does no damage.
The bullfrog zombie barely misses you.
The bullfrog zombie completely misses you.
Things that are here:
11 gold pieces; a scroll labeled SEUKLE BEELYTSUTOSS
h - 5 scrolls labeled SEUKLE BEELYTSUTOSS (gained 1)
You now have 62 gold pieces (gained 11).
The bullfrog zombie hits you but does no damage.
You see here 7 gold pieces.
You now have 69 gold pieces (gained 7).
The bullfrog zombie closely misses you. The bullfrog zombie hits you.
* * * LOW HITPOINT WARNING * * *
You take 1 damage, and have 15/55 hp.
The bullfrog zombie hits you but does no damage.
The bullfrog zombie closely misses you.
A red film seems to cover your vision as you go berserk!
You feel yourself moving faster!
You feel mighty!
You are feeling very hungry.
The bullfrog zombie closely misses you.
You now have 22/82 hp.
You slash the bullfrog zombie!
The bullfrog zombie hits you but does no damage.
You hit the bullfrog zombie.
You destroy the bullfrog zombie!
Trog accepts your kill.
Your Axes skill increases to level 8!
You feel a strong urge to attack something.
Unknown command.
You feel your anger subside.
You are no longer berserk.
You are exhausted.
You feel yourself slow down.
You are near starving!
You now have 15/55 hp.
Unknown command.
You feel much better.
This wand has 2 charges left.
You regained 22 hp, and now have 37/55 hp.
A centaur comes into view.
The centaur shouts!
The centaur wields a shortbow.
The centaur shoots an arrow.
The arrow hits you!
* * * LOW HITPOINT WARNING * * *
You see here an arrow.
You take 12 damage, and have 25/55 hp.
MASSIVE DAMAGE!!
The centaur shoots an arrow.
The arrow hits you.
* * * LOW HITPOINT WARNING * * *
You see here an arrow.
You take 5 damage, and have 20/55 hp.
The centaur shoots an arrow.
The arrow hits you!
* * * LOW HITPOINT WARNING * * *
The centaur shoots an arrow.
The arrow hits you.
You see here an arrow.
You take 11 damage, and have 9/55 hp.
The centaur shoots an arrow.
The arrow hits you but does no damage.
The centaur shoots an arrow.
The arrow hits you!
You die...

#.........###.###.#
##.........# #.# #.#
#..........###'###.#
#..................#
..........#####.#..##
### ........((#
#.....###.# ,
.......(..#
####......#
.....##(..# ##....##
** ,...##*##@.#
##.### * ..* #..# ###
#c## #.# #.# #.# #.#
##. *


You could see a centaur.

Vanquished Creatures
  4 big kobolds (Sewer)
  A bullfrog zombie (D:6)
  4 adders
  An ooze (Sewer)
  3 giant cockroaches
  2 goblins (D:1)
  5 hobgoblins (D:1)
  2 jackals (D:2)
  3 ball pythons (Sewer)
  6 bats
  3 frilled lizards
  14 kobolds
  2 rats
50 creatures vanquished.

Notes
Turn   | Place    | Note
-------+----------+-------------------------------------------
     0 | D:1      | AmbiguousPuzuma the Deep Dwarf Berserker began the quest for the Orb.
     0 | D:1      | Reached XP level 1. HP: 20/20 MP: 1/1
   102 | D:1      | Reached XP level 2. HP: 18/27 MP: 2/2
   106 | D:1      | Reached skill level 4 in Axes
   367 | D:2      | Reached XP level 3. HP: 21/33 MP: 3/3
   399 | D:2      | Reached ** piety under Trog
   416 | D:2      | Reached skill level 5 in Axes
   450 | D:2      | Found a snail-covered altar of Cheibriados.
   547 | D:3      | Found a glowing drain.
   572 | Sewer    | Entered a sewer
   600 | Sewer    | Noticed a big kobold
   616 | Sewer    | Killed a big kobold
   616 | Sewer    | Reached skill level 6 in Axes
   616 | Sewer    | Reached XP level 4. HP: 36/40 MP: 4/4
   616 | Sewer    | Reached XP level 5. HP: 42/46 MP: 5/5
   694 | Sewer    | Reached skill level 7 in Axes
   732 | Sewer    | HP: 11/46 [big kobold/short sword (5)]
   739 | Sewer    | Reached XP level 6. HP: 46/55 MP: 6/6
   850 | D:3      | You fall through a shaft for 3 floors!
   856 | D:6      | Found an ancient bone altar of Kikubaaqudgha.
   912 | D:6      | Reached skill level 8 in Axes
   930 | D:6      | HP: 9/55 [centaur/arrow (11)]
   931 | D:6      | Shot with an arrow by a centaur

Vault maps used:
D:1:      lightli_arrival_flooded_house, minmay_distorted
D:2:      cheibriados_altar_1
D:3:      portal_sewer_entry_d, saegor_snake_ambush
D:6:      lemuel_doored_altar, glass_columns_c, uniq_duvessa
Sewer:    kennysheep_pipe_town

Skill      XL: |  1  2  3  4  5  6 |
---------------+-------------------+-----
Axes           | 4 6 7 8 |  8.1
Fighting       | |  2.6
Armour         | |  2.1
Dodging        | |  2.1

Action                   |  1- 3 |  4- 6 || total
-------------------------+-------+-------++-------
Melee: Hand axe          |   102 |    65 ||   167
Invok: Berserk           |     3 |     4 ||     7
Evoke: Wand              |     1 |     2 ||     3
  Eat: Chunk             |     1 |     3 ||     4
       Fruit             |       |     2 ||     2
Armor: Animal skin       |    23 |       ||    23
       Ring mail         |    27 |    41 ||    68
Dodge: Dodged            |   111 |    60 ||   171

Vault maps used:
D:1:      lightli_arrival_flooded_house, minmay_distorted
D:2:      cheibriados_altar_1
D:3:      portal_sewer_entry_d, saegor_snake_ambush
D:6:      lemuel_doored_altar, glass_columns_c, uniq_duvessa
Sewer:    kennysheep_pipe_town

Table legend:
 A = Turns spent in this place as a percentage of turns spent in the entire game.
 B = Non-inter-level travel turns spent in this place as a percentage of non-inter-level travel turns spent in the entire game.
 C = Inter-level travel turns spent in this place as a percentage of turns spent in this place.
 D = Turns resting spent in this place as a percentage of non-inter-level travel turns spent in this place.
 E = Turns spent auto-exploring this place as a percentage of non-inter-level travel turns spent in this place.
 F = Non-inter-level travel turns spent in this place divided by the number of levels of this place that you've seen.
                   A       B       C       D       E      F
               +-------+-------+-------+-------+-------+----------------------
         Total | 100.0 | 100.0 |   0.1 |   0.0 |   0.0 | 176.8
       Dungeon |  69.7 |  69.7 |   0.2 |   0.0 |   0.0 | 154.0
         Sewer |  30.3 |  30.3 |   0.0 |   0.0 |   0.0 | 268.0
               +-------+-------+-------+-------+-------+----------------------

Table legend:
 A = Kills in this place as a percentage of kills in entire the game.
 B = Kills by you in this place as a percentage of kills by you in the entire game.
 C = Kills by friends in this place as a percentage of kills by friends in the entire game.
 D = Other kills in this place as a percentage of other kills in the entire game.
 E = Experience gained in this place as a percentage of experience gained in the entire game.
 F = Experience gained in this place divided by the number of levels of this place that you have seen.
                   A       B       C       D       E      F
               +-------+-------+-------+-------+-------+----------------------
         Total | 100.0 | 100.0 |  -nan |  -nan | 100.0 | 111.6
       Dungeon |  52.0 |  52.0 |  -nan |  -nan |  24.4 |  34.0
         Sewer |  48.0 |  48.0 |  -nan |  -nan |  75.6 | 422.0
               +-------+-------+-------+-------+-------+----------------------
